 Dungeon Crawl Stone Soup version 0.23.2-1-ga50397a (webtiles) character file.

Game seed: 17326696385259456443

91 Borgoz the Slasher (level 4, 0/27 HPs)
             Began as a Gargoyle Gladiator on May 15, 2019.
             Slain by a gnoll
             ... wielding a +0 spear
              (4 damage)
             ... on level 2 of the Dungeon.
             The game lasted 00:02:00 (1339 turns).

Borgoz the Slasher (Gargoyle Gladiator)             Turns: 1339, Time: 00:02:02

Health: 0/27       AC:  7    Str: 17    XL:     4   Next: 57%
Magic:  4/4        EV: 12    Int:  9    God:
Gold:   155        SH:  0    Dex: 12    Spells: 3/3 levels left

rFire    . . .     SeeInvis .   b - +1 dagger (elec)
rCold    . . .     Gourm    +   (no shield)
rNeg     + . .     Faith    .   n - +0 leather armour
rPois    ∞         Spirit   .   c - +0 helmet
rElec    +         Reflect  .   (no cloak)
rCorr    .         Harm     .   (no gloves)
MR       .....                  (no boots)
Stlth    +.........             k - amulet of the gourmand
HPRegen  0.09/turn              (no ring)
MPRegen  0.09/turn              (no ring)

@: no status effects
A: negative energy resistance 1, electricity resistance, unbreathing,
petrification resistance, rot immunity, AC +3
a: no special abilities


You were on level 2 of the Dungeon.
You were not hungry.

You visited 1 branch of the dungeon, and saw 2 of its levels.

You collected 155 gold pieces.

Inventory:

Hand Weapons
 a - a +0 long sword
 b - a +1 dagger of electrocution (weapon)
Missiles
 d - a throwing net (quivered)
Armour
 c - a +0 helmet (worn)
 n - a +0 leather armour (worn)
Jewellery
 k - an amulet of the gourmand (around neck)
 q - an uncursed amulet of regeneration {unknown}
Scrolls
 e - a scroll of teleportation {unknown}
 o - a scroll of random uselessness {unknown}
 s - a scroll of identify {unknown}
Potions
 g - 2 potions of haste {unknown}
 h - a potion of invisibility {unknown}
 i - a potion of curing {unknown}
 j - a potion of degeneration {unknown}
 l - a potion of resistance {unknown}
 m - a potion of brilliance {unknown}
 p - a potion of might {unknown}
Comestibles
 f - 4 rations


   Skills:
 + Level 2.9 Fighting
 * Level 3.5 Long Blades
 - Level 1.7 Throwing
 + Level 1.4 Armour
 * Level 3.1 Dodging


You had 3 spell levels left.
You didn't know any spells.
Your spell library was empty.

Dungeon Overview and Level Annotations

Branches:
Dungeon (2/15)

Altars:


Innate Abilities, Weirdness & Mutations

You are resistant to torment.
Your stone body is resilient. (AC +3)
You are immune to poison.
You resist negative energy. (rN+)
You are resistant to electric shocks. (rElec)
You can survive without breathing.
You are immune to petrification.
You are immune to rotting.


Message History

* * * LOW HITPOINT WARNING * * *
Items here: )) †† a +0 club; a +0 flail; a hobgoblin corpse; a gnoll corpse You barely miss the gnoll.
The gnoll hits you with a +0 spear.
* * * LOW HITPOINT WARNING * * *
Okay, then.
Throwing (i - inventory)
d - 3 throwing nets (quivered)
Press: ? - help, Shift-Dir - straight line, f - gnoll
Aim: a gnoll, wielding a +0 spear You throw a throwing net.
The throwing net closely misses the gnoll.
The gnoll hits you with a +0 spear.
* * * LOW HITPOINT WARNING * * *
Throwing (i - inventory)
d - 2 throwing nets (quivered)
Press: ? - help, Shift-Dir - straight line, f/p - gnoll
Aim: a gnoll, wielding a +0 spear You throw a throwing net.
The throwing net closely misses the gnoll.
The gnoll hits you with a +0 spear.
You die...

#######.##### #.#.÷..
#.#.### #. #.#.# #####'#
#.#.# ....... #.#.###
....... #.#.... .......
#############.#.... .......
#g@)).........#....
.......##(#####...####.....
.......(..# #...# #.####
......)#### #...# #.#
....... #...# #.# # .......
#...# #.# ####### #...# .#
##.##


You could see a gnoll.

Vanquished Creatures
  3 gnolls (D:2)
  2 adders (D:2)
  An ooze (D:2)
  A worm (D:1)
  3 dart slugs
  A leopard gecko (D:1)
  6 bats
  2 giant cockroaches
  3 goblins
  3 hobgoblins
  A kobold (D:2)
  2 frilled lizards (D:2)
  4 rats
32 creatures vanquished.

Notes
Turn   | Place    | Note
-------+----------+-------------------------------------------
     0 | D:1      | Borgoz the Gargoyle Gladiator began the quest for the Orb.
     0 | D:1      | Reached XP level 1. HP: 12/12 MP: 1/1
   268 | D:1      | Reached XP level 2. HP: 18/18 MP: 2/2
  1020 | D:2      | Reached XP level 3. HP: 22/22 MP: 3/3
  1160 | D:2      | Reached skill level 1 in Armour
  1316 | D:2      | Reached XP level 4. HP: 23/27 MP: 4/4
  1339 | D:2      | Slain by a gnoll

Skill      XL: |  1  2  3 |
---------------+----------+-----
Long Blades    | 3 |  3.5
Armour         | 1 |  1.4
Dodging        | 3 |  3.1
Fighting       | |  2.9
Throwing       | |  1.7

Action                   |  1- 3 |  4- 6 || total
-------------------------+-------+-------++-------
Melee: Long sword        |    44 |       ||    44
       Dagger            |    44 |    12 ||    56
Throw: Throwing net      |     1 |     2 ||     3
  Eat: Chunk             |     9 |       ||     9
Armor: Leather armour    |    25 |     4 ||    29
Dodge: Dodged            |    62 |     7 ||    69
       Rpst.: Long sword |    13 |       ||    13
